 Dungeon Crawl Stone Soup version 0.18.1-8-gdd0e5ea (webtiles) character file.

309 Flavorfulsole the Skirmisher (level 6, 0/49 HPs)
             Began as a Demonspawn Chaos Knight on May 28, 2016.
             Slain by an iron imp (7 damage)
             ... summoned by Eustachio
             ... on level 4 of the Dungeon.
             The game lasted 00:15:14 (3390 turns).

Flavorfulsole the Skirmisher (DsCK)                 Turns: 3390, Time: 00:15:16

Health: 0/49       AC:  8    Str: 14    XL:     6   Next: 17%
Magic:  6/6        EV: 10    Int: 13    God:    Xom [....*.]
Gold:   101        SH:  0    Dex: 13    Spells: 0 memorised, 5 levels left

rFire  + . .     SeeInvis .     a - +2 hand axe (chaos)
rCold  . . .     Gourm    .     l - +1 scale mail
rNeg   . . .     Faith    .     (no shield)
rPois  .         Spirit   .     (no helmet)
rElec  .         Dismiss  .     (no cloak)
rCorr  .         Reflect  .     (no gloves)
SustAt .         Harm     .     (no boots)
MR     +....                    (no amulet)
Stlth  ..........               (no ring)
                                (no ring)

@: somewhat resistant to hostile enchantments, extremely unstealthy
A: talons 2, icy blue scales 1, demonic guardian 1, fire resistance 1, magic
resistance 1, wild magic 1
a: Renounce Religion


You were on level 4 of the Dungeon.
You worshipped Xom.
You were a beloved toy of Xom.
You were hungry.

You visited 1 branch of the dungeon, and saw 4 of its levels.

You collected 101 gold pieces.

Inventory:

Hand Weapons
 a - a +2 hand axe of chaos (weapon)
 g - a +0 falchion
Missiles
 e - a throwing net
 n - 41 arrows (quivered)
Armour
 b - a +3 leather armour
 l - a +1 scale mail (worn)
Wands
 j - a wand of digging (9/24)
Scrolls
 d - 5 scrolls of identify
 f - 2 scrolls of blinking
 i - a scroll of fog
 o - a scroll of remove curse
Potions
 h - a potion of flight
 m - a potion of lignification
Comestibles
 c - 3 bread rations
 k - a beef jerky


   Skills:
 + Level 4.5 Fighting
 + Level 3.9 Axes
 + Level 2.9 Armour
 + Level 2.4 Dodging
 + Level 1.6 Stealth


You had 5 spell levels left.
You didn't know any spells.

Dungeon Overview and Level Annotations

Branches:
Dungeon (4/15)
 Temple: D:4-7

Altars:

Annotations:
D:4 Eustachio


Innate Abilities, Weirdness & Mutations

You have razor-sharp toenails.
You are partially covered in icy blue scales (AC +1).
A weak demonic guardian rushes to your aid.
Your flesh is heat resistant.
You are resistant to hostile enchantments.
Your spells are a little harder to cast, but a little more powerful.


Message History

The iron imp is lightly wounded.
Your crimson imp barely misses something.
You hear some strange, mumbled words.
The quokka misses your crimson imp. The iron imp barely misses you.
The crimson imp barely misses your crimson imp.
You hit something but do no damage. You hit the iron imp.
The iron imp is lightly wounded.
Something hits you but does no damage.
The quokka barely misses your crimson imp.
The shadow imp shouts, "Embrace thy doom, thou rough-hewn rump-fed surfacer!"
The crimson imp misses your crimson imp.
The iron imp closely misses you.
Your crimson imp hits the quokka.
You hit something. You closely miss the iron imp.
The iron imp is lightly wounded.
Your crimson imp disappears in a puff of smoke!
You hear some strange, mumbled words.
The crimson imp blinks!
Your crimson imp barely misses the quokka.
The iron imp hits you!
You die...

### #5#######
#@§5r....
######r########
......§.5.......
########.#######
#.# #.# #.#
###.# #.#.#


You could see an iron imp, a river rat, a shadow imp, a quokka and a friendly
crimson imp.

Vanquished Creatures
  The ghost of Hipnos the Digger, a weakling GrEE (D:4)
  A jelly (D:4)
  A hound (D:4)
  Terence (D:2)
  4 gnolls (D:4)
  6 adders
  A howler monkey skeleton (D:3)
  2 worms (D:2)
  3 dart slugs (D:1)
  4 giant geckos
  An orc (D:3)
  A giant cockroach (D:3)
  5 goblins
  3 hobgoblins (D:3)
  8 jackals
  6 bats
  4 giant newts
  9 kobolds
  8 rats
69 creatures vanquished.

Vanquished Creatures (collateral kills)
  A hound (D:4)
  An adder (D:4)
  2 giant geckos (D:4)
  A giant cockroach (D:4)
5 creatures vanquished.

Grand Total: 74 creatures vanquished

Notes
Turn   | Place    | Note
--------------------------------------------------------------
     0 | D:1      | Flavorfulsole the Demonspawn Chaos Knight began the quest for the Orb.
     0 | D:1      | Reached XP level 1. HP: 18/18 MP: 1/1
    77 | D:1      | XOM: potion effect (agility)
   189 | D:1      | Reached skill level 1 in Dodging
   213 | D:1      | XOM: swap monsters
   217 | D:1      | Gained mutation: A weak demonic guardian rushes to your aid. [demonic ancestry]
   217 | D:1      | Reached XP level 2. HP: 14/24 MP: 2/2
   627 | D:1      | XOM: give mutations
   627 | D:1      | Gained mutation: You have sharp toenails. [Xom's grace]
   627 | D:1      | Gained mutation: Your spells are a little harder to cast, but a little more powerful. [Xom's grace]
   627 | D:1      | Gained mutation: You are resistant to hostile enchantments. [Xom's grace]
   627 | D:1      | Gained mutation: Your flesh is heat resistant. [Xom's grace]
  1145 | D:2      | XOM: 5-stop teleportation journey
  1260 | D:2      | XOM: harmless Conj miscast
  1291 | D:2      | XOM: harmless Hex miscast
  1292 | D:2      | Noticed Terence
  1299 | D:2      | Killed Terence
  1299 | D:2      | Gained mutation: You are partially covered in icy blue scales (AC +1). [demonic ancestry]
  1299 | D:2      | Reached XP level 3. HP: 23/30 MP: 3/3
  1394 | D:2      | XOM: colour smoke trail
  1601 | D:2      | Gained mutation: You have razor-sharp toenails. [demonic ancestry]
  1601 | D:2      | Reached XP level 4. HP: 37/37 MP: 4/4
  1695 | D:2      | XOM: god gift: scroll labeled IFOVEM DUOX
  1947 | D:2      | XOM: vitrification
  2246 | D:3      | Reached skill level 1 in Stealth
  2270 | D:3      | Reached skill level 4 in Fighting
  2511 | D:3      | XOM: harmless Summ miscast
  2518 | D:3      | Reached XP level 5. HP: 42/42 MP: 5/5
  2878 | D:3      | XOM: divination: magic mapping
  2963 | D:4      | Noticed Hipnos's ghost (weakling GrEE)
  2975 | D:4      | Killed Hipnos's ghost
  3002 | D:4      | XOM: scenery: 1 doors open
  3205 | D:4      | Reached XP level 6. HP: 19/49 MP: 6/6
  3280 | D:4      | XOM: summons 2 friendly demons
  3302 | D:4      | XOM: vitrification
  3374 | D:4      | Noticed Eustachio
  3386 | D:4      | XOM: smoke on damage
  3390 | D:4      | Slain by an iron imp

Skill      XL: |  1  2  3  4  5 |
---------------+----------------+-----
Dodging        | 1 2 |  2.4
Axes           | 3 |  3.9
Armour         | 2 |  2.9
Stealth        | 1 |  1.6
Fighting       | 4 |  4.5

Action                   |  1- 3 |  4- 6 || total
-------------------------+-------+-------++-------
Melee: Hand axe          |    77 |   147 ||   224
       Kick              |    11 |    29 ||    40
Throw: Throwing net      |     1 |     1 ||     2
  Use: Scroll            |     6 |     6 ||    12
       Potion            |     5 |     4 ||     9
 Stab: Paralysed         |     2 |       ||     2
       Confused          |     1 |     1 ||     2
       Sleeping          |       |     1 ||     1
  Eat: Pizza             |     1 |       ||     1
       Chunk             |     1 |       ||     1
       Meat ration       |       |     1 ||     1
Armor: Leather armour    |    30 |    18 ||    48
       Scale mail        |       |    52 ||    52
Dodge: Dodged            |    38 |    94 ||   132
